 Dungeon Crawl Stone Soup version 0.31-a0-217-g58bb5d79cf (webtiles) character file.

Game seed: 14720683593723899320

37506 Essalna the Fighter (level 13, 0/166 HPs)
             Began as a Demonspawn Fire Elementalist on July 3, 2023.
             Was an Elder of Vehumet.
             Succumbed to a cane toad's poison
             ... on level 4 of the Lair of Beasts.
             The game lasted 00:37:21 (15233 turns).

Essalna the Fighter (Demonspawn Fire Elementalist) Turns: 15233, Time: 00:37:21

Health: 0/166      AC:  0    Str: 11    XL:     13   Next: 58%
Magic:  12/16      EV: 16    Int: 24    God:    Vehumet [****..]
Gold:   671        SH:  0    Dex: 13    Spells: 5/16 levels left

rFire   . . .        B - melded +7 short sword "Leviticus" {freeze, rPois rC+ MP+9 Dex+2}
rCold   . . .        T - melded +0 buckler
rNeg    . . .        a - melded +0 robe
rPois   .            (helmet currently unavailable)
rElec   .            (cloak currently unavailable)
rCorr   .            d - melded +2 pair of gloves
SInv    .            t - melded +2 pair of boots
Will    .....        (no amulet) Stlth
                     i - melded ring of fire
HPRegen 0.47/turn    r - melded ring of magical power
MPRegen 0.15/turn

%: no passive effects
@: mighty, berserking, lethally poisoned (0 -> -5), pig-form, spiked, very quick
A: fast, no casting, small, (hooves 1), demonic guardian 1, (spiny 2), big brain
2
a: Renounce Religion


You were on level 4 of the Lair of Beasts.
You worshipped Vehumet.
Vehumet was greatly pleased with you.
You were a filthy swine.
You visited 3 branches of the dungeon, and saw 15 of its levels.
You also visited: Ice Cave.

You collected 671 gold pieces.

Inventory:

Hand Weapons
 e - a +1 mace
 A - a +1 short sword of venom
 B - the +7 short sword "Leviticus" (melded) {freeze, rPois rC+ MP+9 Dex+2}
   (You found it on level 5 of the Dungeon)

   Dex:       It affects your dexterity (+2).
   rC:        It protects you from cold.
   rPois:     It protects you from poison.
   MP:        It affects your magic capacity (+9).
 H - a +0 spectral quarterstaff
 N - a -2 demon whip of venom
Missiles
 F - a throwing net
Armour
 a - a +0 robe (melded)
 d - a +2 pair of gloves (melded)
 g - a +0 pair of boots
 t - a +2 pair of boots (melded)
 R - an orb of energy
 T - a +0 buckler (melded)
Magical Staves
 f - a staff of conjuration
 j - a staff of poison
 p - a staff of fire
Jewellery
 i - a ring of fire (melded)
 r - a ring of magical power (melded)
 u - a ring of fire
 C - a ring of protection from fire
 L - a +5 ring of evasion
 O - a ring of poison resistance
 Q - a ring of protection from cold
Wands
 s - a wand of paralysis (2)
 w - a wand of flame (21)
 G - a wand of polymorph (8)
 P - a wand of quicksilver (8)
 V - a wand of mindburst (3)
Scrolls
 c - 4 scrolls of teleportation
 m - 7 scrolls of identify
 q - a scroll of immolation
 v - 2 scrolls of enchant weapon
 x - 2 scrolls of blinking
 y - 2 scrolls of torment
 D - a scroll of fog
 J - 2 scrolls of amnesia
 W - a scroll of poison
Potions
 b - 3 potions of magic
 h - 2 potions of heal wounds {unknown}
 k - a potion of brilliance
 n - 4 potions of curing {unknown}
 o - 4 potions of degeneration {unknown}
 z - 3 potions of lignification {unknown}
 E - 5 potions of haste {unknown}
 I - 2 potions of ambrosia {unknown}
 K - 2 potions of mutation {unknown}
 M - a potion of enlightenment {unknown}
 U - 2 potions of resistance {unknown}


   Skills:
 + Level 13.0 Fighting
 + Level 4.6 Armour
 + Level 5.1 Dodging
 - Level 1.7 Stealth
 + Level 3.1 Shields
 - Level 2.0 Spellcasting
 + Level 12.9 Conjurations
 + Level 12.2 Fire Magic


You had 5 spell levels left.
You knew the following spells:

 Your Spells              Type           Power      Damage    Failure   Level
a - Foxfire               Conj/Fire      100%       2x1d9     1%          1
b - Scorch                Fire           100%       2d9       1%          2
c - Flame Wave            Conj/Fire      58%        2d14      1%          4
d - Sticky Flame          Conj/Fire      58%        2d7       1%          4

Your spell library contained the following spells:

 Spells                   Type           Power      Damage    Failure   Level
 Kiss of Death            Conj/Necr      100%       2d13      1%          1
 Inner Flame              Hex/Fire       31%        N/A       1%          3
 Stone Arrow              Conj/Erth      66%        3d11      1%          3
 Volatile Blastmotes      Fire/Tloc      62%        2d15      1%          3
 Fulminant Prism          Conj/Hex       16%        3d10      2%          4
 Iskenderun's Mystic Bla  Conj/Tloc      33%        2d8       2%          4
 Sandblast                Erth           4%         2d4       3%          1
 Frozen Ramparts          Ice            4%         1d1       10%         3
 Apportation              Tloc           4%         N/A       12%         1
 Necrotise                Necr           8%         1d4       12%         1
 Summon Small Mammal      Summ           8%         N/A       12%         1
 Passwall                 Tmut/Erth      1%         N/A       19%         2
 Confusing Touch          Hex            2%         N/A       34%         3
 Lee's Rapid Deconstruct  Erth           1%         3d4*      58%         5
 Dispel Undead            Necr           2%         3d7       75%         4
 Ice Form                 Ice/Tmut       2%         N/A       75%         4
 Summon Ice Beast         Ice/Summ       2%         N/A       75%         4
 Summon Cactus Giant      Summ           1%         N/A       100%        6


Dungeon Overview and Level Annotations

Branches:
Dungeon (10/15)            Temple (1/1) D:5            Lair (4/5) D:8
  Swamp (0/4) Lair:3        Snake (0/4) Lair:3        IceCv (visited)
  Slime: Lair:4-5       Orc: D:9-12

Altars:
Ashenzari
Cheibriados
Dithmenos
Fedhas
Hepliaklqana
Kikubaaqudgha
Makhleb
Nemelex Xobeh
Okawaru
Qazlal
Ru
Sif Muna
Trog
Uskayaw
Vehumet
Wu Jian
Xom
Yredelemnul

Shops:
D:2 (   D:5 *   D:8 [   D:9 !

Annotations:
Lair:3 Kirke


Innate Abilities, Weirdness & Mutations

You are a filthy swine.
You move quickly.
Your equipment is almost entirely melded.
You are incapable of wielding weapons or throwing items.
You cannot cast spells.
((You have large cloven feet.))
A weak demonic guardian rushes to your aid.
((You are mostly covered in sharp spines.))
You have an extremely huge brain. (Int +4)


Message History

You bite the cane toad!
The cane toad is heavily wounded.
You feel sick.
Your ufetubus hits the cane toad but does no damage.
Your ufetubus hits the cane toad. The cane toad stings you!!
* * * LOW HITPOINT WARNING * * *
You are too berserk!
You are too berserk!
You are too berserk!
You are too berserk!
You are too berserk!
You are too berserk!
You are too berserk!
You are too berserk!
You are too berserk!
You are too berserk!
You are too berserk!
You are too berserk!
You are too berserk!
You are too berserk!
You are too berserk!
You are too berserk!
Unknown command.
Unknown command.
Unknown command.
You are too berserk!
You are too berserk!
You are too berserk!
You are too berserk!
You are too berserk!
Unknown command.
You are too berserk!
You are too berserk!
You are too berserk!
You are too berserk!
Unknown command.
Unknown command.
You hit the cane toad.
The cane toad is heavily wounded.
You die...

## ###P#####
......#.####
.........#
#.5...#.###
#.Fh.......
#†.#...#.#.
#.†##..##
..... ..#


hP..... ... .P..... .... ##..... ..... ##.$#. .....# #.#.. You could see a cane
toad (ally target) and a friendly ufetubus (summoned).

Vanquished Creatures
  Snorg (D:10)
  2 hydras
  11 death yaks
  2 two-headed ogres
  2 skysharks
  Amaemon (D:8)
  Pikel (D:7)
  2 elephants (Lair:3)
  3 black mambas
  Joseph (D:7)
  An orange demon (D:8)
  10 cane toads
  2 rime drakes (IceCv)
  Maggie (D:7)
  5 komodo dragons
  4 polar bears
  Prince Ribbit (D:7)
  13 blink frogs
  2 wraiths
  32 yaks
  3 slime creatures (D:8)
  4 wyverns
  2 basilisks
  2 hogs (Lair:4)
  A steam dragon (D:8)
  Grum (D:8)
  2 death yak simulacra (Lair:1)
  13 water moccasins
  An ice beast (D:8)
  3 orc warriors
  9 black bears
  A sky beast (D:6)
  2 ogres (D:4)
  22 wolves
  A centaur (D:8)
  4 lemures (D:7)
  A kobold brigand (D:6)
  5 bullfrogs
  2 scorpions
  3 wights (D:7)
  13 killer bees
  An electric eel (Lair:3)
  A howler monkey (D:9)
  3 jellies
  4 hounds
  2 orc priests
  A gnoll bouda (Lair:3)
  3 iguanas
  A sleepcap (D:6)
  3 orc wizards
  4 adders
  A white imp (D:5)
  An ufetubus (D:5)
  2 worms
  A dart slug (D:5)
  21 orcs
  5 ball pythons
  7 endoplasms
  5 giant cockroaches
  11 goblins
  6 hobgoblins
  3 jackals (D:2)
  4 quokkas
  3 bats
  16 frilled lizards
  9 kobolds
  7 rats
  4 butterflies
321 creatures vanquished.

Vanquished Creatures (collateral kills)
  2 elephants (Lair:3)
  A black mamba (Lair:3)
  A cane toad (Lair:3)
  A blink frog (Lair:3)
  A slime creature (D:8)
  A yak (D:9)
  An orc wizard (D:7)
  A shadow imp (D:8)
  30 foxfires
39 creatures vanquished.

Vanquished Creatures (others)
  962 foxfires
962 creatures vanquished.

Grand Total: 1322 creatures vanquished

Notes
Turn   | Place    | Note
-------+----------+-------------------------------------------
     0 | D:1      | Essalna the Demonspawn Fire Elementalist began the quest
                  | for the Orb.
     0 | D:1      | Reached XP level 1. HP: 13/13 MP: 3/3
   277 | D:1      | Gained mutation: You are partially covered in sharp spines.
                  | [demonic ancestry]
   277 | D:1      | Reached XP level 2. HP: 15/20 MP: 1/5
   374 | D:1      | Reached skill level 1 in Fighting
   940 | D:2      | Found Zinwioplya's Weapon Shop.
  1047 | D:2      | Reached XP level 3. HP: 26/26 MP: 1/6
  1745 | D:3      | Found a hazy altar of Hepliaklqana.
  1977 | D:3      | Reached skill level 2 in Fighting
  1993 | D:3      | Reached XP level 4. HP: 29/33 MP: 7/7
  2142 | D:3      | Learned a level 2 spell: Scorch
  2147 | D:3      | Learned a level 4 spell: Flame Wave
  2700 | D:4      | Reached XP level 5. HP: 39/39 MP: 2/8
  2864 | D:4      | Noticed an ogre
  2880 | D:4      | Killed an ogre
  2881 | D:4      | Reached skill level 3 in Fighting
  3049 | D:4      | Gained mutation: You have an unusually large brain. (Int
                  | +2) [demonic ancestry]
  3049 | D:4      | Reached XP level 6. HP: 47/47 MP: 3/9
  3781 | D:5      | Entered Level 5 of the Dungeon
  3834 | D:5      | Reached skill level 4 in Fighting
  3872 | D:5      | Identified the +7 plate armour of Rotation {Harm Str+4}
  3931 | D:5      | Found Ashi's Serpentskin Sales.
  3931 | D:5      | Noticed a water moccasin
  3934 | D:5      | Killed a water moccasin
  3935 | D:5      | Reached XP level 7. HP: 51/54 MP: 3/10
  4242 | D:5      | Reached skill level 5 in Fire Magic
  4286 | D:5      | Found a staircase to the Ecumenical Temple.
  4308 | Temple   | Entered the Ecumenical Temple
  4954 | D:5      | Reached skill level 5 in Fighting
  4954 | D:5      | Reached skill level 5 in Conjurations
  5109 | D:5      | Identified the +7 short sword "Leviticus" {freeze, rPois
                  | rC+ MP+9 Dex+2}
  5211 | D:6      | Noticed a wyvern
  5217 | D:6      | Killed a wyvern
  5218 | D:6      | Gained mutation: A weak demonic guardian rushes to your
                  | aid. [demonic ancestry]
  5218 | D:6      | Reached XP level 8. HP: 62/62 MP: 11/11
  5992 | D:6      | Reached skill level 6 in Fighting
  6604 | D:7      | Noticed Maggie
  6624 | D:7      | Noticed Joseph
  6821 | D:7      | Killed Joseph
  6822 | D:7      | Reached XP level 9. HP: 71/71 MP: 12/12
  6870 | D:7      | Found an ornate altar of the Wu Jian Council.
  6913 | D:7      | Reached skill level 7 in Fighting
  7452 | D:7      | Noticed Prince Ribbit
  7455 | D:7      | Killed Prince Ribbit
  7905 | D:7      | Found a radiant altar of Vehumet.
  7908 | D:7      | Noticed Pikel
  7920 | D:7      | Killed Pikel
  7921 | D:7      | Reached skill level 8 in Fighting
  7925 | D:7      | Killed Maggie
  8039 | D:7      | Became a worshipper of Vehumet
  8209 | D:8      | Gained mutation: You are mostly covered in sharp spines.
                  | [demonic ancestry]
  8209 | D:8      | Reached XP level 10. HP: 65/81 MP: 9/13
  8214 | D:8      | Noticed a two-headed ogre
  8289 | D:8      | Killed a two-headed ogre
  8354 | D:8      | Noticed Grum
  8358 | D:8      | Killed Grum
  8471 | D:8      | Noticed Amaemon
  8476 | D:8      | Noticed an orange demon
  8480 | D:8      | Killed Amaemon
  8481 | D:8      | Reached skill level 9 in Fighting
  8482 | D:8      | Killed an orange demon
  8996 | D:9      | Found Tuntag's Distillery.
  9129 | D:9      | Noticed a two-headed ogre
  9139 | D:9      | Killed a two-headed ogre
  9140 | D:9      | Reached skill level 10 in Fighting
  9140 | D:9      | Reached skill level 10 in Conjurations
  9140 | D:9      | Gained mutation: You have an extremely huge brain. (Int +4)
                  | [demonic ancestry]
  9140 | D:9      | Reached XP level 11. HP: 66/90 MP: 9/14
  9257 | D:9      | Reached * piety under Vehumet
  9257 | D:9      | Offered knowledge of Freeze by Vehumet.
  9803 | D:10     | Entered Level 10 of the Dungeon
  9803 | D:10     | Noticed Snorg
  9809 | D:10     | Killed Snorg
  9810 | D:10     | Reached skill level 10 in Fire Magic
 10195 | D:8      | Found a staircase to the Lair.
 10199 | D:8      | Found Jinioro's Antique Armour Boutique.
 10472 | Lair:1   | Entered Level 1 of the Lair of Beasts
 10734 | Lair:1   | Found a frozen archway.
 10757 | IceCv    | Entered an ice cave
 10767 | IceCv    | Reached skill level 11 in Fighting
 10896 | IceCv    | Noticed a death yak
 10911 | IceCv    | Killed a death yak
 11107 | IceCv    | Noticed a death yak
 11210 | Lair:1   | Reached XP level 12. HP: 83/100 MP: 9/15
 11379 | Lair:1   | Offered knowledge of Momentum Strike by Vehumet.
 11552 | Lair:1   | Reached ** piety under Vehumet
 11899 | Lair:1   | Noticed a death yak
 11899 | Lair:1   | Noticed a death yak
 11899 | Lair:1   | Noticed a death yak
 11899 | Lair:1   | Noticed a death yak
 11899 | Lair:1   | Noticed a death yak
 11960 | Lair:1   | Reached skill level 12 in Fighting
 12062 | Lair:2   | Killed a death yak
 12226 | Lair:2   | Reached skill level 1 in Armour
 12513 | Lair:1   | Noticed a death yak
 12522 | Lair:1   | Killed a death yak
 12523 | Lair:1   | Killed a death yak
 12528 | Lair:1   | Killed a death yak
 12528 | Lair:1   | Killed a death yak
 12532 | Lair:1   | Killed a death yak
 12798 | Lair:2   | Noticed an eight-headed hydra
 12806 | Lair:2   | Killed an eight-headed hydra
 12806 | Lair:2   | Offered knowledge of Ignite Poison by Vehumet.
 13256 | Lair:3   | Noticed a death yak
 13256 | Lair:3   | Noticed a death yak
 13256 | Lair:3   | Noticed a death yak
 13265 | Lair:2   | Killed a death yak
 13318 | Lair:3   | Noticed a death yak
 13324 | Lair:3   | Gained mutation: You have large cloven feet. [demonic
                  | ancestry]
 13324 | Lair:3   | Reached XP level 13. HP: 109/109 MP: 13/16
 13484 | Lair:3   | Reached skill level 1 in Shields
 13504 | Lair:2   | Reached *** piety under Vehumet
 13878 | Lair:3   | Offered knowledge of Sticky Flame by Vehumet.
 13884 | Lair:3   | Learned a level 4 spell: Sticky Flame
 14151 | Lair:3   | Found a staircase to the Swamp.
 14573 | Lair:3   | Found a staircase to the Snake Pit.
 14611 | Lair:3   | Reached skill level 13 in Fighting
 14611 | Lair:3   | Reached skill level 5 in Dodging
 15008 | Lair:4   | Noticed Kirke
 15012 | Lair:4   | Reached **** piety under Vehumet
 15232 | Lair:4   | HP: 1/166 [cane toad (21)]
 15233 | Lair:4   | Succumbed to a cane toad's poison

Illustrated notes

Levels and vault maps discovered:
D:1:      dpeg_arrival_stonehenge_8_columns, layout_loops_ring,
          minmay_hexomino_c4
D:2:      layout_loops_ring, serial_shops, shop
D:3:      layout_rooms, nicolae_hepliaklqana_hazy_memory,
          kennysheep_nondescript, minmay_lizard_king
D:4:      black_bear_nest_2, layout_rooms, nicolae_eternal_life,
          serial_bayou_lagoon_a, minmay_ogre_servants
D:5:      layout_basic, minmay_temple_entry_butterflies, guppyfry_shop_venom
D:6:      layout_layer_cave
D:7:      layout_layer_cave, mainiacjoe_overflow_chevrons,
          kennysheep_little_box, uniq_pikel, uniq_prince_ribbit1, uniq_joseph,
          uniq_maggie
D:8:      minmay_spotlight, layout_rooms, minmay_lair_entry_grove, serial_shops,
          nicolae_shop_tiny_statue_garden, palyth_stone_intersect, uniq_grum,
          uniq_amaemon
D:9:      minmay_chambers_of_sixes, layout_basic, serial_shops,
          nicolae_shop_advertising_works [nicolae_subvault_shop_adworks],
          nrook_pool_corridor, nicolae_concentric_dashed_squares_mild,
          hangedman_incinerator
D:10:     layout_irregular_city, mainiacjoe_overflow_brackets,
          kennysheep_small_spiral, uniq_nergalle, uniq_snorg
Temple:   dpeg_five_rooms_temple
Lair:1:   layout_regular_city, portal_ice_cave_entry_ice_simulacra,
          grunt_megastairs_5
Lair:2:   layout_big_grid, grunt_megastairs_1
Lair:3:   layout_regular_city, swamp_mist_pool, dummy_snake_entry,
          dreamdust_gnoll_shepherd, lemuel_fruit_fields, lemuel_fruit_fields
Lair:4:   layout_loops_ring, maelrawn_ghost_gauntlet_escape, uniq_kirke

Skill      XL: |  1  2  3  4  5  6  7  8  9 10 11 12 13 |
---------------+----------------------------------------+-----
Fighting       | 1 2 3 4 5 6 8 10 11 12 13 | 13.0
Fire Magic     | 3 4 5 6 8 9 10 11 12 | 12.2
Conjurations   | 2 3 4 5 6 8 10 11 12 | 12.9
Dodging        | 3 5 |  5.1
Armour         | 3 4 |  4.6
Shields        | 3 |  3.1
Stealth        | |  1.7
Spellcasting   | |  2.0

Action                     |  1- 3 |  4- 6 |  7- 9 | 10-12 | 13-15 || total
---------------------------+-------+-------+-------+-------+-------++-------
  Melee: Unarmed           |    17 |       |     4 |       |     6 ||    27
         Mace              |    46 |    13 |       |       |       ||    59
         Punch             |     2 |       |       |     1 |       ||     3
         Staff             |       |    18 |     8 |       |       ||    26
         Short sword       |       |       |     8 |    64 |     8 ||    80
   Cast: Foxfire           |    42 |    60 |   209 |   221 |    51 ||   583
         Scorch            |       |     9 |    15 |    78 |    18 ||   120
         Flame Wave        |       |       |     6 |    31 |    23 ||    60
         Sticky Flame      |       |       |       |       |     2 ||     2
  Evoke: Wand              |       |       |       |     1 |       ||     1
    Use: Scroll            |     8 |       |     1 |     8 |       ||    17
         Potion            |       |       |       |       |     3 ||     3
   Stab: Sleeping          |     3 |     2 |       |       |       ||     5
         Paralysed         |       |       |       |     5 |       ||     5
 Armour: Robe              |    13 |     2 |     8 |    34 |     9 ||    66
  Dodge: Dodged            |    42 |    22 |    33 |   103 |    48 ||   248
  Block: Buckler           |       |       |       |     1 |    14 ||    15

Table legend: (Time is in decaauts)
 A = Elapsed time spent in this place.
 B = Non-inter-level travel time spent in this place.
 C = Inter-level travel time spent in this place.
 D = Time resting spent in this place.
 E = Time spent auto-exploring this place.
 F = Levels seen in this place.
 G = Mean time per level.
                   A        B        C        D        E       F      G
               +--------+--------+--------+--------+--------+-----+--------+
         Total |  15277 |  14829 |    448 |   1203 |  11158 |  16 |  954.8 |
       Dungeon |  10232 |   9977 |    255 |    507 |   7795 |  10 | 1023.2 |
        Temple |    289 |    259 |     30 |      0 |    248 |   1 |  289.0 |
          Lair |   4342 |   4179 |    163 |    555 |   2949 |   4 | 1085.5 |
      Ice Cave |    412 |    412 |      0 |    141 |    166 |   1 |  412.0 |
               +--------+--------+--------+--------+--------+-----+--------+

Top non-repeatable levels by time:
     D:6: 1565 daAuts
  Lair:3: 1508 daAuts
     D:7: 1435 daAuts
  Lair:2: 1404 daAuts
  Lair:1: 1398 daAuts
     D:8: 1192 daAuts
     D:5: 1141 daAuts
     D:4: 1114 daAuts
     D:3: 934 daAuts
     D:2: 910 daAuts
     D:9: 906 daAuts
     D:1: 861 daAuts
   IceCv: 412 daAuts
  Temple: 289 daAuts
    D:10: 169 daAuts
